 Dungeon Crawl Stone Soup version 0.27-a0-1090-gb115f176c6 (webtiles) character file.

Game seed: 1595429450619375725

26891 travv0 the Warrior (level 13, -1/128 HPs)
             Began as a Minotaur Berserker on Apr 27, 2021.
             Was a High Priest of Trog.
             Succumbed to Nessos's poison
             ... on level 14 of the Dungeon.
             The game lasted 01:12:12 (18140 turns).

travv0 the Warrior (Minotaur Berserker)            Turns: 18140, Time: 01:12:13

Health: -1/128     AC: 17    Str: 32    XL:     13   Next: 1%
Magic:  12/12      EV:  9    Int:  2    God:    Trog [*****.]
Gold:   504        SH:  4    Dex: 11    Spells: 12/12 levels left

rFire    . . .     SeeInvis .   R - +3 flail (vorpal)
rCold    + + .     Faith    .   W - +0 buckler {AC+3}
rNeg     + + +     Spirit   .   E - +1 chain mail of Autumn {*Corrode rC++ rN+++ Int-2}
rPois    .         Reflect  .   Q - +0 hat {Stlth+}
rElec    .         Harm     .   (no cloak)
rCorr    .         Rampage  .   (no gloves)
Will     .....                  i - +0 pair of boots
Stlth    ..........             h - amulet of the acrobat
HPRegen  0.31/turn              U - +6 ring of strength
MPRegen  0.13/turn              G - +4 ring of protection

@: lethally poisoned (-1 -> -23), corroded
A: horns 2, retaliatory headbutt
a: Renounce Religion, Berserk, Trog's Hand, Brothers in Arms


You were on level 14 of the Dungeon.
You worshipped Trog.
Trog was extremely pleased with you.
You visited 1 branch of the dungeon, and saw 14 of its levels.
You also visited: Ossuary.

You collected 755 gold pieces.
You spent 251 gold pieces at shops.

Inventory:

Hand Weapons
 a - a +0 mace
 k - a +3 mace of freezing
   (You took it off a wight on level 2 of the Dungeon)
 R - a +3 vorpal flail (weapon)
   (You took it off an orc on level 9 of the Dungeon)
Missiles
 y - 6 throwing nets {=f, !d}
 I - 3 curare-tipped darts
Armour
 b - a +0 animal skin
 g - a +0 scale mail
   (You found it on level 2 of the Dungeon)
 i - a +0 pair of boots (worn)
   (You found it on level 2 of the Dungeon)
 v - the +6 leather armour of the Accordion {rN+}
   (You found it on level 11 of the Dungeon)

   It protects you from negative energy.
 B - a +0 plate armour
   (You found it on level 6 of the Dungeon)
 E - the +1 chain mail of Autumn (worn) {*Corrode rC++ rN+++ Int-2}
   (You found it on level 6 of the Dungeon)

   It affects your intelligence (-2).
   It greatly protects you from cold.
   It renders you almost immune to negative energy.
   It may corrode you when you take damage.
 L - a +0 chain mail
   (You took it off Harold on level 8 of the Dungeon)
 Q - a +0 hat of stealth (worn)
   (You took it off Gastronok on level 8 of the Dungeon)
 W - a +0 buckler of protection (worn)
   (You found it on level 13 of the Dungeon)
Jewellery
 h - an amulet of the acrobat (around neck)
   (You found it on level 2 of the Dungeon)
 G - a +4 ring of protection (right hand)
   (You found it on level 7 of the Dungeon)
 P - a ring of flight {+Fly, !d}
   (You found it on level 8 of the Dungeon)
 U - a +6 ring of strength (left hand)
   (You took it off a kobold demonologist on level 12 of the Dungeon)
Wands
 C - a wand of digging (5)
   (You took it off Pikel on level 6 of the Dungeon)
 D - a wand of polymorph (26)
   (You found it on level 6 of the Dungeon)
 K - a wand of flame (43)
   (You took it off Maggie on level 7 of the Dungeon)
 M - a wand of acid (9)
   (You took it off an orc on level 8 of the Dungeon)
Scrolls
 d - 10 scrolls of noise {!r}
 e - 9 scrolls of teleportation
 f - a scroll of fog {unknown}
 l - 8 scrolls of immolation {!r}
 m - 2 scrolls of magic mapping {!r}
 n - 3 scrolls of enchant armour
 o - 2 scrolls of fear {unknown}
 q - 3 scrolls of amnesia
 w - a scroll of holy word {unknown}
 N - 3 scrolls of torment {unknown}
 T - 2 scrolls of identify
 V - a scroll of enchant weapon {unknown}
Potions
 j - 3 potions of might
 p - 3 potions of ambrosia {unknown}
 r - a potion of attraction {unknown}
 s - 5 potions of degeneration {!q}
 t - a potion of mutation {unknown}
 u - 2 potions of curing
 x - 2 potions of lignification {!q}
 z - a potion of magic {unknown}
 A - a potion of resistance {unknown}
 F - 2 potions of haste
 H - a potion of berserk rage {unknown}
 J - 2 potions of flight
 O - a potion of brilliance {unknown}
Miscellaneous
 S - a phial of floods
   (You found it on level 11 of the Dungeon)


   Skills:
 * Level 15.9 Fighting
 - Level 14.0 Maces & Flails
 + Level 11.7 Armour
 - Level 2.5 Dodging
 + Level 2.0 Shields
 + Level 7.4 Evocations


You had 12 spell levels left.
You didn't know any spells.
Your spell library was empty.

Dungeon Overview and Level Annotations

Branches:
Dungeon (14/15)            Temple (0/1) D:6            Lair (0/6) D:11
    Orc (0/2) D:12        Ossuary (visited)
 Vaults: D:13-14

Altars:
Ashenzari
Cheibriados
Dithmenos
Elyvilon
Fedhas
Gozag
Hepliaklqana
Kikubaaqudgha
Sif Muna
Trog
Vehumet

Shops:
D:7 ?((![   D:13 :

Annotations:
D:7 3 runed translucent doors, voltaire321's ghost, novice OpDe
D:13 Nessos


Innate Abilities, Weirdness & Mutations

You have a pair of horns on your head.
You reflexively headbutt those who attack you in melee.


Message History

Nessos says, "Study your classics!"
Nessos wields a +1 longbow of flaming.
It bursts into flame!
Nessos shoots an arrow.
The arrow completely misses you.
You take 1 damage, and have 108/128 hp.
You feel sick.
Nessos shoots an arrow.
The arrow misses you.
Found an escape hatch in the floor.
There is a stone staircase leading down here.
You take 1 damage, and have 107/128 hp.
You feel sick.
Nessos blinks!
Nessos shoots an arrow.
The arrow hits you! The arrow burns you.
You are more poisoned.
You take 17 damage, and have 90/128 hp.
You are too injured to fight recklessly!
You feel very sick.
Nessos gestures wildly while chanting.
Nessos seems to speed up.
You take 2 damage, and have 88/128 hp.
You feel sick.
Nessos shoots an arrow.
You block the arrow.
Nessos shoots an arrow.
The arrow misses you.
You take 1 damage, and have 87/128 hp.
You feel sick.
Nessos unwields a +1 longbow of flaming.
It stops flaming.
Nessos misses you. Nessos kicks you but does no damage.
Nessos blinks!
You take 2 damage, and have 85/128 hp.
You feel sick.
Nessos blinks! x2; Nessos wields a +1 longbow of flaming.
It bursts into flame!
Nessos shoots an arrow.
The arrow barely misses you.
You feel sick.
Nessos shoots an arrow.
You block the arrow.
Nessos blinks!
You take 1 damage, and have 84/128 hp.
You feel sick.
Nessos shoots an arrow.
The arrow closely misses you.
Nessos shoots an arrow.
The arrow misses you.
There is a stone staircase leading down here.
You take 1 damage, and have 83/128 hp.
You feel sick.
Nessos shoots an arrow.
The arrow barely misses you.
You bludgeon Nessos!! You headbutt Nessos!
You feel sick.
You are no longer poisoned.
Nessos blinks!
Nessos intently looks at you, slowly moving their tail.
Nessos shoots an arrow.
You block the arrow.
You take 1 damage, and have 82/128 hp.
Nessos blinks!
Nessos shoots an arrow.
The arrow hits you! The arrow burns you.
You are poisoned.
There is a stone staircase leading down, spattered with blood here.
You take 16 damage, and have 66/128 hp.
You feel very sick.
Nessos shoots an arrow.
The arrow hits you! The arrow burns you.
Nessos shoots an arrow.
The arrow hits you.
* * * LOW HITPOINT WARNING * * *
The arrow burns you.
You are more poisoned.
* * * LOW HITPOINT WARNING * * *
You take 32 damage, and have 34/128 hp.
MASSIVE DAMAGE!!
You feel better.
Nessos shoots an arrow.
The arrow hits you but does no damage.
Nessos blinks!
You regained 7 hp, and now have 41/128 hp.
Nessos blinks!
Nessos shoots an arrow.
The arrow closely misses you.
Nessos shoots an arrow.
The arrow hits you!!
* * * LOW HITPOINT WARNING * * *
The arrow burns you!
You are lethally poisoned!
* * * LOW HITPOINT WARNING * * *
Nessos blinks! x2
You take 35 damage, and have 6/128 hp.
MASSIVE DAMAGE!!
You feel much better.
* * * LOW HITPOINT WARNING * * *
You feel extremely sick.
Nessos shoots an arrow.
The arrow hits you!
* * * LOW HITPOINT WARNING * * *
The arrow burns you.
* * * LOW HITPOINT WARNING * * *
Nessos shoots an arrow.
The arrow hits you but does no damage.
You regained 3 hp, and now have 9/128 hp.
* * * LOW HITPOINT WARNING * * *
You feel very sick.
Nessos shoots an arrow.
The arrow closely misses you.
Nessos shoots an arrow.
You block the arrow.
You take 5 damage, and have 4/128 hp.
Okay, then.
Okay, then.
You feel much better.
You feel very sick.
Nessos blinks!
You regained 23 hp, and now have 27/128 hp.
You feel very sick.
Nessos blinks! x2
There is a stone staircase leading down, spattered with blood here.
You take 2 damage, and have 25/128 hp.
You feel very sick.
Nessos shoots an arrow.
The arrow hits you!
* * * LOW HITPOINT WARNING * * *
Your corrosive artefact corrodes you!
The arrow burns you.
You are lethally poisoned!
* * * LOW HITPOINT WARNING * * *
Nessos intently looks at you, slowly moving their tail.
Nessos blinks!
You climb downwards.
You die...

########+#
#........#
#........#
#........#
#........#
+........#
#....@...#
##########


There were no monsters in sight!

Vanquished Creatures
  Gastronok (D:8)
  Harold (D:8)
  A fire dragon (D:12)
  3 boulder beetles
  A hydra (D:12)
  3 centaur warriors (D:13)
  6 two-headed ogres
  The ghost of Contigo the Cudgeller, a novice DsBe of Trog (D:6)
  Pikel (D:6)
  A deep elf pyromancer (D:12)
  A manticore (D:12)
  2 ugly things
  Joseph (D:7)
  A gargoyle (D:13)
  Maggie (D:7)
  An unseen horror (D:10)
  2 kobold demonologists (D:12)
  An efreet (D:13)
  A komodo dragon (D:10)
  3 meliai (D:13)
  A meliai zombie (D:11)
  A shadow (D:13)
  A vampire (D:12)
  A wyvern (D:9)
  2 wraiths
  15 yaks
  2 hogs (D:14)
  A steam dragon (D:8)
  Menkaure (D:4)
  8 vampire mosquitoes
  5 water moccasins
  5 orc warriors
  3 black bears
  An ice beast (D:6)
  An ogre (D:3)
  A necrophage (D:5)
  2 sky beasts (D:6)
  5 centaurs
  A lemure (D:6)
  A phantom (D:3)
  5 kobold brigands
  5 bullfrogs
  A gnoll sergeant (D:10)
  2 scorpions
  6 wights
  2 howler monkeys
  A bullfrog zombie (D:5)
  4 centaur zombies
  2 jellies
  2 gnoll shamans (D:5)
  2 hounds
  5 orc priests
  A bullfrog skeleton (D:5)
  2 iguanas
  9 orc wizards
  A killer bee zombie (D:7)
  2 howler monkey zombies
  4 mummies (Ossuary)
  19 gnolls
  4 adders
  A white imp (D:7)
  3 dart slugs
  57 orcs
  5 endoplasms
  2 hobgoblins
  8 jackals
  9 kobolds
  A quokka (D:2)
  8 ball pythons
  6 bats
  A frilled lizard (D:1)
  13 goblins
  3 goblin zombies (Ossuary)
  A hobgoblin zombie (Ossuary)
  A kobold zombie (Ossuary)
  2 orc zombies (Ossuary)
  3 rats
294 creatures vanquished.

Vanquished Creatures (others)
  27 fungi (D:11)
  33 plants (D:11)
60 creatures vanquished.

Grand Total: 354 creatures vanquished

Notes
Turn   | Place    | Note
-------+----------+-------------------------------------------
     0 | D:1      | travv0 the Minotaur Berserker began the quest for the Orb.
     0 | D:1      | Reached XP level 1. HP: 19/19 MP: 0/0
   215 | D:1      | Reached skill level 4 in Fighting
   215 | D:1      | Reached XP level 2. HP: 4/27 MP: 1/1
   227 | D:1      | Reached skill level 4 in Maces & Flails
  1065 | D:1      | Found a faded altar of an unknown god.
  1737 | D:2      | Reached XP level 3. HP: 29/33 MP: 2/2
  1895 | D:2      | Reached skill level 5 in Maces & Flails
  1895 | D:2      | Reached XP level 4. HP: 22/40 MP: 3/3
  1897 | D:2      | HP: 4/60 [wight/+5 halberd (18)]
  1900 | D:2      | Reached skill level 6 in Maces & Flails
  2180 | D:2      | HP: 12/55 [wight/+3 mace of freezing (4)]
  2182 | D:2      | Reached XP level 5. HP: 10/44 MP: 4/4
  2999 | D:3      | Reached ** piety under Trog
  3019 | D:3      | Found a snail-covered altar of Cheibriados.
  3021 | D:3      | Noticed an ogre
  3284 | D:3      | Killed an ogre
  3285 | D:3      | Reached skill level 7 in Maces & Flails
  3285 | D:3      | Reached XP level 6. HP: 52/52 MP: 5/5
  3314 | D:3      | Reached skill level 8 in Maces & Flails
  3609 | D:3      | Found a broken altar of Ashenzari.
  3736 | D:3      | Reached skill level 9 in Maces & Flails
  3916 | D:4      | Reached XP level 7. HP: 59/59 MP: 6/6
  4059 | D:4      | Found a white marble altar of Elyvilon.
  4275 | D:4      | Noticed Menkaure
  4283 | D:4      | Killed Menkaure
  4284 | D:4      | Reached skill level 10 in Maces & Flails
  4792 | D:5      | Entered Level 5 of the Dungeon
  5147 | D:5      | Found a hazy altar of Hepliaklqana.
  5156 | D:5      | Found a bloodstained altar of Trog.
  5160 | D:5      | Found a blossoming altar of Fedhas.
  5184 | D:5      | Found a shadowy altar of Dithmenos.
  5232 | D:5      | Reached skill level 11 in Maces & Flails
  5255 | D:5      | Found a sand-covered staircase.
  5261 | Ossuary  | Entered an ossuary
  5324 | Ossuary  | Reached XP level 8. HP: 52/66 MP: 7/7
  5438 | Ossuary  | Reached *** piety under Trog
  6294 | D:6      | Reached skill level 12 in Maces & Flails
  6297 | D:6      | Found a large runed translucent door.
  6297 | D:6      | Found a large runed translucent door.
  6299 | D:6      | Noticed Contigo's ghost (novice DsBe)
  6467 | D:6      | Killed Contigo's ghost
  6468 | D:6      | Reached skill level 13 in Maces & Flails
  6554 | D:6      | Noticed Pikel
  6576 | D:6      | Killed Pikel
  6577 | D:6      | Reached skill level 14 in Maces & Flails
  6577 | D:6      | Reached skill level 3 in Armour
  6577 | D:6      | Reached XP level 9. HP: 73/73 MP: 8/8
  6744 | D:6      | Found a staircase to the Ecumenical Temple.
  6753 | D:6      | Reached skill level 5 in Fighting
  7090 | D:6      | Identified the +1 chain mail of Autumn {*Corrode rC++ rN+++
                  | Int-2}
  7299 | D:7      | Reached skill level 6 in Fighting
  7299 | D:7      | Reached skill level 4 in Armour
  7336 | D:7      | Found Vohamifu's Distillery.
  7341 | D:7      | Bought a potion of heal wounds for 65 gold pieces
  7341 | D:7      | Bought a potion of haste for 130 gold pieces
  7393 | D:7      | Found Oriss's Magic Scroll Emporium.
  7401 | D:7      | Bought a scroll of magic mapping for 56 gold pieces
  7462 | D:7      | Found a runed translucent gate.
  7463 | D:7      | Found a runed translucent gate.
  7464 | D:7      | Found a runed translucent gate.
  7654 | D:7      | Found Usemin's Armour Shoppe.
  7733 | D:7      | Found Ikush's Weapon Emporium.
  7771 | D:7      | Found Fume's Antique Weapon Shoppe.
  7915 | D:7      | Noticed voltaire321's ghost (novice OpDe)
  7942 | D:7      | Reached skill level 7 in Fighting
  8019 | D:7      | Noticed Joseph
  8037 | D:7      | Killed Joseph
  8038 | D:7      | Reached skill level 8 in Fighting
  8038 | D:7      | Reached skill level 5 in Armour
  8045 | D:7      | Noticed Maggie
  8053 | D:7      | HP: 24/121 [Maggie/+1 broad axe of flaming (16)]
  8055 | D:7      | HP: 8/121 [Maggie/bolt of fire (11)]
  8062 | D:7      | Killed Maggie
  8525 | D:8      | Noticed Harold
  8582 | D:7      | Reached skill level 6 in Armour
  8582 | D:7      | Reached XP level 10. HP: 60/90 MP: 9/9
  8736 | D:8      | Reached skill level 9 in Fighting
  9366 | D:8      | HP: 34/136 [Harold/+0 halberd of freezing (1)]
  9367 | D:8      | Killed Harold
  9368 | D:8      | Reached skill level 10 in Fighting
  9368 | D:8      | Reached skill level 7 in Armour
  9938 | D:8      | Noticed Gastronok
  9953 | D:8      | Killed Gastronok
  9954 | D:8      | Reached skill level 11 in Fighting
  9954 | D:8      | Reached skill level 8 in Armour
  9954 | D:8      | Reached skill level 2 in Evocations
 10482 | D:9      | Noticed a cyan ugly thing
 10490 | D:9      | Killed a cyan ugly thing
 10582 | D:9      | Noticed a two-headed ogre
 10591 | D:9      | Killed a two-headed ogre
 10592 | D:9      | Reached skill level 3 in Evocations
 10592 | D:9      | Reached XP level 11. HP: 100/104 MP: 10/10
 10738 | D:9      | Found a shimmering blue altar of Sif Muna.
 10825 | D:9      | Found an ancient bone altar of Kikubaaqudgha.
 11068 | D:9      | Reached **** piety under Trog
 11069 | D:9      | Reached skill level 12 in Fighting
 11282 | D:9      | Found a radiant altar of Vehumet.
 11782 | D:10     | Entered Level 10 of the Dungeon
 12260 | D:10     | Found an opulent altar of Gozag.
 12297 | D:10     | Reached skill level 9 in Armour
 12305 | D:10     | Reached skill level 4 in Evocations
 12835 | D:10     | HP: 38/157 [komodo dragon (8)]
 13130 | D:11     | Noticed a two-headed ogre
 13141 | D:11     | Killed a two-headed ogre
 13142 | D:11     | Reached skill level 13 in Fighting
 13181 | D:11     | Found a staircase to the Lair.
 13218 | D:11     | You are sucked into a shaft and drop 3 floors!
 13258 | D:14     | Noticed a rakshasa
 13259 | D:14     | Noticed a six-headed hydra
 13296 | D:13     | Noticed a two-headed ogre
 13298 | D:13     | Found Leyn's Book Emporium.
 13310 | D:13     | Reached skill level 5 in Evocations
 13319 | D:13     | Killed a two-headed ogre
 13354 | D:13     | Reached skill level 10 in Armour
 13355 | D:13     | Noticed a centaur warrior
 13367 | D:13     | HP: 14/108 [meliai/divine providence (14)]
 13368 | D:13     | HP: 4/108 [meliai/+0 hand axe (8)]
 13379 | D:13     | Killed a centaur warrior
 13380 | D:13     | Reached XP level 12. HP: 40/116 MP: 11/11
 13444 | D:13     | Noticed a centaur warrior
 13453 | D:13     | HP: 24/116 [centaur warrior/arrow (8)]
 13614 | D:12     | Noticed a fire dragon
 13633 | D:12     | Killed a fire dragon
 13634 | D:12     | Reached skill level 14 in Fighting
 13775 | D:12     | Noticed a two-headed ogre
 13833 | D:12     | Killed a two-headed ogre
 14034 | D:11     | Identified the +6 leather armour of the Accordion {rN+}
 14477 | D:11     | Reached skill level 6 in Evocations
 14599 | D:11     | Found an opulent altar of Gozag.
 15095 | D:12     | Noticed a two-headed ogre
 15272 | D:12     | Noticed a two-headed ogre
 15319 | D:12     | Killed a two-headed ogre
 15421 | D:12     | Reached ***** piety under Trog
 15633 | D:12     | Reached skill level 11 in Armour
 15663 | D:12     | Noticed a boulder beetle
 15674 | D:12     | Reached skill level 15 in Fighting
 15713 | D:12     | Killed a boulder beetle
 15739 | D:12     | Killed a two-headed ogre
 15740 | D:12     | HP: 40/181 [orc priest/divine providence (12)]
 15750 | D:12     | HP: 26/121 [something (6)]
 16299 | D:12     | Found a staircase to the Orcish Mines.
 16364 | D:12     | Noticed a boulder beetle
 16377 | D:12     | Killed a boulder beetle
 16378 | D:12     | Reached skill level 7 in Evocations
 16557 | D:13     | Killed a centaur warrior
 16789 | D:13     | Noticed a centaur warrior
 16789 | D:13     | Noticed a five-headed hydra
 17057 | D:12     | Killed a five-headed hydra
 17058 | D:12     | Reached skill level 1 in Shields
 17371 | D:13     | Noticed Nessos
 17842 | D:13     | Noticed a boulder beetle
 17859 | D:13     | Killed a boulder beetle
 17863 | D:13     | Killed a centaur warrior
 17921 | D:13     | Reached XP level 13. HP: 125/128 MP: 12/12
 17925 | D:13     | Reached skill level 2 in Shields
 18134 | D:13     | HP: 14/128 [Nessos/arrow (27)]
 18134 | D:13     | HP: 6/128 [Nessos/arrow (8)]
 18139 | D:13     | HP: 22/128 [poisoned by Nessos]
 18139 | D:13     | HP: 7/128 [Nessos/arrow (5)]
 18140 | D:14     | Succumbed to Nessos's poison

Illustrated notes

Levels and vault maps discovered:
D:1:      sevenhm_arrival_forest_fort_large_3, layout_basic,
          hellmonk_ecumenical_altar_inner_sanctum, minmay_tetromino_o2
D:2:      layout_loops_ring
D:3:      layout_rooms, overflow_temple_1_default, ashenzari_altar_1
D:4:      layout_loops_ring, elyvilon_altar_1, uniq_menkaure
D:5:      layout_loops_ring, kennysheep_mini, grunt_temple_overflow_diamond,
          nicolae_ossuary_entry_plus
D:6:      layout_gridville, minmay_temple_entry_waves,
          ebering_ghost_disaster_area, uniq_pikel
D:7:      layout_cave_pods, gammafunk_ghost_split, serial_shops, shop,
          nicolae_shop_statue_plus, shop, shop, nicolae_shop_crystal,
          uniq_maggie, uniq_joseph
D:8:      layout_rooms, minivault_11, uniq_gastronok, uniq_harold
D:9:      layout_irregular_city, nicolae_vehumet_radiance,
          kiku_gazebo_pond_becter, lemuel_crystal_altar
D:10:     layout_roguey, lemuel_round_altar, serial_corexii_hall,
          corexii_hall_statues_t, corexii_hall_statues_l
D:11:     layout_basic, due_lair_maze_entry_diamond, serial_rivers,
          chequers_serial_rivers_small_a, chequers_serial_rivers_micro_c,
          chequers_serial_rivers_micro_b, chequers_serial_rivers_small_3,
          chequers_serial_rivers_room_b, chequers_serial_rivers_micro_b,
          grunt_gozag_breadcrumbs
D:12:     layout_cross, hiddenorc2_lemuel
D:13:     layout_rooms, serial_shops, shop, grunt_decor_mini_mirrors,
          uniq_nessos
D:14:     layout_irregular_city, david_vaults_5, kennysheep_crisscross,
          nicolae_trove_entry_columns, uniq_rupert, uniq_kirke, uniq_frances

Skill      XL: |  1  2  3  4  5  6  7  8  9 10 11 12 13 |
---------------+----------------------------------------+-----
Fighting       | 4 8 11 13 15 | 15.9
Maces & Flails | 4 5 6 7 9 11 14 | 14.0
Armour         | 3 6 8 10 11 | 11.7
Evocations     | 3 5 7 |  7.4
Shields        | 1 2 |  2.0
Dodging        | |  2.5

Action                   |  1- 3 |  4- 6 |  7- 9 | 10-12 | 13-15 || total
-------------------------+-------+-------+-------+-------+-------++-------
Melee: Mace              |    57 |    68 |   223 |   121 |       ||   469
       Headbutt          |     8 |    14 |    40 |   139 |     6 ||   207
       Flail             |       |       |       |   407 |     9 ||   416
Invok: Berserk           |     1 |     2 |     6 |     9 |       ||    18
       Trog's Hand       |       |     1 |     5 |     4 |       ||    10
  Use: Potion            |       |       |       |     6 |     3 ||     9
       Scroll            |       |       |       |    10 |       ||    10
Armor: Animal skin       |    11 |       |       |       |       ||    11
       Scale mail        |    10 |    18 |    51 |     4 |       ||    83
       Chain mail        |       |       |       |   232 |    10 ||   242
Dodge: Dodged            |    47 |    43 |    96 |   272 |    16 ||   474
Block: Buckler           |       |       |       |     4 |     5 ||     9

Table legend: (Time is in decaauts)
 A = Elapsed time spent in this place.
 B = Non-inter-level travel time spent in this place.
 C = Inter-level travel time spent in this place.
 D = Time resting spent in this place.
 E = Time spent auto-exploring this place.
 F = Levels seen in this place.
 G = Mean time per level.
                   A        B        C        D        E       F      G
               +--------+--------+--------+--------+--------+-----+--------+
         Total |  18178 |  17281 |    897 |   4507 |  10421 |  15 | 1211.9 |
       Dungeon |  17774 |  16877 |    897 |   4480 |  10112 |  14 | 1269.6 |
       Ossuary |    404 |    404 |      0 |     27 |    309 |   1 |  404.0 |
               +--------+--------+--------+--------+--------+-----+--------+

Top non-repeatable levels by time:
    D:12: 2973 daAuts
     D:7: 1982 daAuts
     D:2: 1754 daAuts
     D:9: 1649 daAuts
     D:1: 1397 daAuts
    D:11: 1361 daAuts
     D:6: 1105 daAuts
     D:8: 1078 daAuts
    D:10: 1051 daAuts
     D:5: 1044 daAuts
     D:4: 860 daAuts
     D:3: 841 daAuts
    D:13: 598 daAuts
 Ossuary: 404 daAuts
    D:14: 73 daAuts

Table legend:
 A = Kills in this place as a percentage of kills in entire the game.
 B = Kills by you in this place as a percentage of kills by you in the entire game.
 C = Kills by friends in this place as a percentage of kills by friends in the entire game.
 D = Other kills in this place as a percentage of other kills in the entire game.
 E = Experience gained in this place as a percentage of experience gained in the entire game.
 F = Experience gained in this place divided by the number of levels of this place that you have seen.
                   A       B       C       D       E      F
               +-------+-------+-------+-------+-------+----------------------
         Total | 100.0 | 100.0 |   N/A |   N/A | 100.0 | 2561.1
       Dungeon |  95.9 |  95.9 |   N/A |   N/A |  99.7 | 2735.4
       Ossuary |   4.1 |   4.1 |   N/A |   N/A |   0.3 | 122.0
               +-------+-------+-------+-------+-------+----------------------
